 Dungeon Crawl Stone Soup version 0.27-a0-1090-gb115f176c6 (webtiles) character file.

Game seed: 14345269226708858451

91 sizableburger the Skirmisher (level 4, 0/37 HPs)
             Began as a Mummy Monk on Apr 28, 2021.
             Slain by an orc
             ... wielding a +0 mace
              (2 damage)
             ... on level 5 of the Dungeon.
             The game lasted 00:04:43 (3871 turns).

sizableburger the Skirmisher (Mummy Monk)           Turns: 3871, Time: 00:04:44

Health: 0/37       AC:  3    Str: 15    XL:     4   Next: 34%
Magic:  4/4        EV: 12    Int:  9    God:
Gold:   129        SH:  0    Dex: 14    Spells: 3/3 levels left

rFire    x . .     SeeInvis .   a - +1 mace
rCold    + . .     Faith    .   (no shield)
rNeg     + + +     Spirit   .   i - +0 leather armour
rPois    ∞         Reflect  .   (no helmet)
rElec    .         Harm     .   (no cloak)
rCorr    .         Rampage  .   (no gloves)
Will     .....                  (no boots)
Stlth    ++........             (no amulet)
HPRegen  0.12/turn              (no ring)
MPRegen  0.09/turn              (no ring)

@: about to teleport
A: cold resistance 1, negative energy resistance 3, torment resistance 2,
unbreathing 1, heat vulnerability 1, no potions
a: no special abilities


You were on level 5 of the Dungeon.
You visited 1 branch of the dungeon, and saw 4 of its levels.

You collected 129 gold pieces.

Inventory:

Hand Weapons
 a - a +1 mace (weapon)
Missiles
 f - 4 boomerangs (quivered)
Armour
 b - a +0 robe
 i - a +0 leather armour (worn)
Scrolls
 c - 2 scrolls of teleportation
 e - a scroll of immolation
 g - 3 scrolls of fog


   Skills:
 + Level 3.7 Fighting
 + Level 3.0 Maces & Flails
 + Level 1.0 Throwing
 + Level 0.0 Armour
 - Level 3.0 Dodging
 - Level 1.5 Stealth


You had 3 spell levels left.
You didn't know any spells.
Your spell library contained the following spells:

 Spells                   Type           Power      Damage    Failure   Level
 Bolt of Magma            Conj/Fire/Erth 0%         4d4       100%        5
 Iskenderun's Battlesphe  Conj           0%         2d6       100%        5
 Iron Shot                Conj/Erth      0%         9d1       100%        6
 Orb of Destruction       Conj           0%         N/A       100%        7
 Spellforged Servitor     Conj/Summ      0%         N/A       100%        7


Dungeon Overview and Level Annotations

Branches:
Dungeon (5/15)
 Temple: D:4-7

Altars:
Vehumet
Xom

Annotations:
D:3 3 runed translucent doors


Innate Abilities, Weirdness & Mutations

You are immune to poison.
Your flesh is cold resistant. (rC+)
You are immune to negative energy. (rN+++)
You are immune to unholy pain and torment.
You can survive without breathing.
You are vulnerable to heat. (rF-)
You do not drink.


Message History

You hear a shout!
You closely miss the howler monkey.
The howler monkey is heavily wounded.
The howler monkey hits you.
A phantom comes into view.
Throw: 4 boomerangs
Press: ? - help, Q - select action Shift-Dir - straight line, f - howler monkey
Aim: a howler monkey (heavily wounded, catching its breath, 55% to hit)
Okay, then.
The howler monkey barely misses you. The howler monkey hits you.
* * * LOW HITPOINT WARNING * * *
An orc comes into view. It is wielding a +0 mace.
Throw: 4 boomerangs
Press: ? - help, Q - select action Shift-Dir - straight line, f - howler monkey
Aim: a howler monkey (heavily wounded, 55% to hit)
You throw a boomerang.
The boomerang barely misses the howler monkey.
The orc shouts!
The howler monkey misses you. The howler monkey barely misses you.
Throw: 4 boomerangs
Press: ? - help, Q - select action Shift-Dir - straight line, f/p - howler monkey
Aim: a howler monkey (heavily wounded, 55% to hit)
You throw a boomerang.
The boomerang hits the howler monkey but does no damage.
The howler monkey is heavily wounded.
The howler monkey barely misses you. The howler monkey hits you!
* * * LOW HITPOINT WARNING * * *
As you read the scroll labelled AMOTSE BUWUZE, it crumbles to dust.
You speak a Word of immense power!
The phantom convulses!
It was a scroll of holy word.
The howler monkey completely misses you.
As you read the scroll of teleportation, it crumbles to dust.
You feel strangely unstable.
The howler monkey completely misses you.
Okay, then.
The phantom is lost in a daze.
The howler monkey hoots and howls with incredible vigour!
The orc hits you with a +0 mace.
You die...

### *** ..# ##############** **,,
#.### #..Wh.@o......,*****,,,
....#######.############,,,,,,,,,
#.#......$..!.....#######*****,,,
#.########..............# **,,
#.........W..###..#####.#######*,
##########...# #..........>...#*,
# **###..>..# ##.#####.#####.#**
# *......)..# #.# #.# #.# ##
#.###.#.#.# #.# #.# #.#


You could see a phantom (dazed), a howler monkey (catching breath) and an orc.

Vanquished Creatures
  4 adders (D:2)
  A dart slug (D:3)
  4 endoplasms
  3 giant cockroaches
  3 goblins
  4 hobgoblins
  13 jackals
  4 ball pythons
  4 bats
  4 frilled lizards
  2 kobolds (D:3)
  2 rats
48 creatures vanquished.

Notes
Turn   | Place    | Note
-------+----------+-------------------------------------------
     0 | D:1      | sizableburger the Mummy Monk began the quest for the Orb.
     0 | D:1      | Reached XP level 1. HP: 18/18 MP: 1/1
   404 | D:1      | Reached XP level 2. HP: 14/24 MP: 2/2
  1527 | D:1      | Reached XP level 3. HP: 29/29 MP: 3/3
  2171 | D:2      | Reached XP level 4. HP: 19/36 MP: 4/4
  2337 | D:2      | Found a faded altar of an unknown god.
  2858 | D:2      | Reached skill level 1 in Throwing
  2937 | D:2      | Found a radiant altar of Vehumet.
  3099 | D:3      | Found a runed translucent gate.
  3099 | D:3      | Found a runed translucent gate.
  3103 | D:3      | Found a runed translucent gate.
  3671 | D:3      | You fall into a shaft and drop 2 floors!
  3671 | D:5      | Entered Level 5 of the Dungeon
  3787 | D:5      | Found a shimmering altar of Xom.
  3787 | D:5      | Found a radiant altar of Vehumet.
  3861 | D:5      | Noticed a phantom
  3871 | D:5      | Slain by an orc

Illustrated notes

Levels and vault maps discovered:
D:1:      minmay_arrival_three_doors, layout_loops_corners, st_stairs_4,
          minmay_misc_feat_tiny
D:2:      layout_basic, ebering_ecumenical_altar_rust, basic_altar,
          grunt_ministairs_9
D:3:      layout_basic, gammafunk_ghost_icy
D:5:      layout_loops_ring, gammafunk_temple_overflow_wave

Skill      XL: |  1  2  3  4 |
---------------+-------------+-----
Maces & Flails | 3 |  3.0
Dodging        | 3 |  3.0
Throwing       | 1 |  1.0
Fighting       | |  3.7
Stealth        | |  1.5

Action                   |  1- 3 |  4- 6 || total
-------------------------+-------+-------++-------
Melee: Mace              |   122 |    41 ||   163
Throw: Boomerang         |    18 |     5 ||    23
  Use: Scroll            |     2 |     6 ||     8
 Stab: Sleeping          |     2 |     3 ||     5
       Distracted        |     1 |       ||     1
Armor: Robe              |    13 |     4 ||    17
       Leather armour    |       |     5 ||     5
Dodge: Dodged            |   110 |    37 ||   147

Table legend: (Time is in decaauts)
 A = Elapsed time spent in this place.
 B = Non-inter-level travel time spent in this place.
 C = Inter-level travel time spent in this place.
 D = Time resting spent in this place.
 E = Time spent auto-exploring this place.
 F = Levels seen in this place.
 G = Mean time per level.
                   A        B        C        D        E       F      G
               +--------+--------+--------+--------+--------+-----+--------+
         Total |   3919 |   3660 |    259 |    875 |   2297 |   4 |  979.8 |
       Dungeon |   3919 |   3660 |    259 |    875 |   2297 |   4 |  979.8 |
               +--------+--------+--------+--------+--------+-----+--------+

Top non-repeatable levels by time:
     D:1: 1782 daAuts
     D:2: 1289 daAuts
     D:3: 646 daAuts
     D:5: 201 daAuts
